 Dungeon Crawl Stone Soup version 0.32-a0-18-g89e19f1974 (webtiles) character file.

Game seed: 311868329492458984

528 cforsyth the Trooper (level 7, -2/74 HPs)
             Began as an Oni Shapeshifter on Jan 16, 2024.
             Killed from afar by a white imp (9 damage)
             ... with a puff of frost
             ... on level 5 of the Dungeon.
             The game lasted 00:03:41 (3779 turns).

cforsyth the Trooper (Oni Shapeshifter)             Turns: 3779, Time: 00:03:41

Health: -2/74      AC:  8    Str: 21    XL:     7   Next: 23%
Magic:  7/7        EV:  9    Int: 11    God:
Gold:   129        SH:  0    Dex:  8    Spells: 6/6 levels left

rFire   . .          .
                       - Unarmed
rCold   . . .        (no shield)
rNeg    . . .        a - +1 animal skin
rPois   .            (helmet currently unavailable)
rElec   .            (cloak currently unavailable)
rCorr   .            (gloves unavailable)
SInv    .            (boots unavailable)
Will    .....        (no amulet)
Stlth   +            g - +4 ring of protection
HPRegen 0.32/turn    (no ring)
MPRegen 0.10/turn

%: no passive effects
@: beast-form
A: beast (slay +2), large, unfitting armour, horns 1, tough skin 1, double
potion healing, drunken brawling
a: Begin Untransformation


You were on level 5 of the Dungeon.
You were a hulking beast.
You visited 1 branch of the dungeon, and saw 5 of its levels.

You collected 129 gold pieces.

Inventory:

Armour
 a - a +1 animal skin (worn)
Jewellery
 g - a +4 ring of protection (left hand)
Talismans
 c - a beast talisman
 d - a flux talisman
Potions
 b - a potion of lignification
 e - a potion of curing
 j - a potion of brilliance


   Skills:
 + Level 5.7 Fighting
 - Level 1.7 Dodging
 + Level 4.7 Unarmed Combat
 + Level 4.9 Shapeshifting


You had 6 spell levels left.
You didn't know any spells.
Your spell library contained the following spells:

 Spells                   Type           Power      Damage    Failure   Level
 Call Canine Familiar     Summ           0%         N/A       71%         3
 Sigil of Binding         Hex            0%         N/A       71%         3
 Dimensional Bullseye     Hex/Tloc       0%         N/A       98%         4


Dungeon Overview and Level Annotations

Branches:
Dungeon (5/15)
 Temple: D:4-7

Altars:
Okawaru
Yredelemnul

Annotations:
D:2 1 runed translucent door, Crazy Yiuf


Innate Abilities, Weirdness & Mutations

You are a hulking beast.
Your limbs bulge with bestial killing power. (Slay +2)
You are too large for most types of armour.
You have a pair of small horns on your head.
You have tough skin. (AC +1)
You gain doubled healing and magic from potions.
Whenever you drink a healing potion, you attack all around you.


Message History

You hit the gnoll but do no damage.
You headbutt the gnoll, but do no damage.
You hit the gnoll. Your headbutt misses the gnoll.
The gnoll is moderately wounded.
The gnoll hits you but does no damage.
You hit the gnoll.
The gnoll is heavily wounded.
The gnoll hits you with a +0 spear.
* * * LOW HITPOINT WARNING * * *
You hit the gnoll.
The gnoll is almost dead.
The gnoll hits you with a +0 spear.
* * * LOW HITPOINT WARNING * * *
You punch the gnoll!
You kill the gnoll!
Blink to where?
Press: ? - help, Dir - move target, f - you
Okay, then.
As you read the scroll labelled LATOMM WUKITI, it crumbles to dust.
It was a scroll of blinking.
As you read the scroll labelled DETURA GU FEI, it crumbles to dust.
A wave of despondency washes over your surroundings.
It was a scroll of vulnerability.
As you read the scroll labelled QILOF EVYSUDYF, it crumbles to dust.
You feel aware of your surroundings.
You sensed 2 shops/portals.
It was a scroll of revelation.
Found a spear.
Found an escape hatch in the ceiling.
You see here a +0 spear.
There is an escape hatch in the ceiling here.
Okay, then.
A white imp comes into view.
The white imp shouts!
You hear a shout!
The white imp gestures at you. The puff of frost hits you!
* * * LOW HITPOINT WARNING * * *
You feel your willpower return.
You barely miss the white imp. The white imp gestures at you.
The puff of frost hits you!
You die...

,**,**,,,,,######..5###****,,,,*,
***,**,**,,* *...# *,,,,,,
**,,,,,,,,* ###...###****,**,**
**,***,,,,,* #.......#,,,,,,,,,,
*,*,**,***** #.#,..#.*,****,*,**
,***,,,* #.#*,**,*,****,,,,*
,,*,**** #.#*,,,,,,,,,,,,*,,
**,** ####5##***,*.#..#.,,,*
*,*** #....h####.#..,...**,*
*,,,******#####......#......,*,*
***,,~~~~~~~∩~#.######.#..###..#
**********#*#.# ##)..#####.#
#.#.#.######.#.#####.#
#............#.#####.#
*#...###.........###.##
#..##,*#.####.###...###
#.,,*,....,##.<.....###


You could see a white imp.

Vanquished Creatures
  A sky beast (D:4)
  A centaur (D:4)
  A hound (D:4)
  A jelly (D:4)
  An orc priest (D:4)
  Jessica (D:3)
  An iguana (D:4)
  Natasha (twice) (D:3)
  4 gnolls (D:5)
  6 adders
  An adder zombie (D:3)
  A ribbon worm (D:3)
  8 orcs
  3 endoplasms
  A giant cockroach (D:4)
  4 goblins
  7 hobgoblins
  9 kobolds
  4 quokkas
  6 ball pythons
  A ball python zombie (D:3)
  2 bats (D:3)
  4 frilled lizards (D:3)
  2 rats
72 creatures vanquished.

Notes
Turn   | Place    | Note
-------+----------+-------------------------------------------
     0 | D:1      | cforsyth the Oni Shapeshifter began the quest for the Orb.
     0 | D:1      | Reached XP level 1. HP: 19/19 MP: 1/1
   574 | D:1      | You fall into a shaft and drop 1 floor!
   865 | D:2      | Reached XP level 2. HP: 28/28 MP: 2/2
   884 | D:2      | Reached skill level 2 in Fighting
  1034 | D:2      | Found an iron altar of Okawaru.
  1106 | D:2      | Found a runed translucent door.
  1107 | D:2      | Noticed Crazy Yiuf
  1236 | D:2      | Reached XP level 3. HP: 35/36 MP: 3/3
  1665 | D:3      | Found a basalt altar of Yredelemnul.
  1827 | D:3      | Noticed Natasha
  1844 | D:3      | Killed Natasha
  1845 | D:3      | Reached skill level 3 in Fighting
  1845 | D:3      | Reached XP level 4. HP: 21/45 MP: 4/4
  2040 | D:3      | Noticed Jessica
  2050 | D:3      | Killed Jessica
  2269 | D:3      | Reached XP level 5. HP: 50/54 MP: 5/5
  2419 | D:3      | Noticed Natasha
  2430 | D:3      | Killed Natasha
  2493 | D:4      | Reached skill level 4 in Fighting
  2810 | D:4      | Noticed a sky beast
  2825 | D:4      | Killed a sky beast
  2826 | D:4      | Reached XP level 6. HP: 29/65 MP: 6/6
  2994 | D:4      | Reached skill level 5 in Fighting
  3170 | D:4      | Reached XP level 7. HP: 59/72 MP: 7/7
  3687 | D:5      | Entered Level 5 of the Dungeon
  3779 | D:5      | Killed from afar by a white imp

Illustrated notes

Levels and vault maps discovered:
D:1:      roderic_chinese_lattice_arrival, layout_basic, serial_curves,
          eino_curves_02, eino_curves_03
D:2:      layout_rooms, basic_altar, minmay_tree_intersection,
          uniq_crazy_yiuf_cottage
D:3:      minmay_wonky_spiral, layout_basic, lemuel_zombie_altar_yredelemnul,
          grunt_ministairs_2, uniq_jessica, uniq_natasha
D:4:      layout_loops_corners
D:5:      layout_loops_cross, portal_sewer_entry_d,
          eino_small_chamber_without_monster, minmay_stone_trees_small,
          nicolae_stop_n_shop_2, uniq_pikel

Skill      XL: |  1  2  3  4  5  6 |
---------------+-------------------+-----
Fighting       | 2 3 4 5 |  5.7
Unarmed Combat | 3 4 |  4.7
Shapeshifting  | 4 |  4.9
Dodging        | |  1.7

Action                     |  1- 3 |  4- 6 |  7- 9 || total
---------------------------+-------+-------+-------++-------
  Melee: Unarmed           |    73 |   105 |    38 ||   216
         Headbutt          |     9 |    16 |     3 ||    28
         Punch             |     1 |     3 |       ||     4
    Use: Scroll            |       |       |     8 ||     8
 Armour: Animal skin       |    40 |    83 |    32 ||   155
  Dodge: Dodged            |    39 |    58 |    14 ||   111

Table legend: (Time is in decaauts)
 A = Elapsed time spent in this place.
 B = Non-inter-level travel time spent in this place.
 C = Inter-level travel time spent in this place.
 D = Time resting spent in this place.
 E = Time spent auto-exploring this place.
 F = Levels seen in this place.
 G = Mean time per level.
                   A        B        C        D        E       F      G
               +--------+--------+--------+--------+--------+-----+--------+
         Total |   3764 |   3628 |    136 |      0 |   3132 |   5 |  752.8 |
       Dungeon |   3764 |   3628 |    136 |      0 |   3132 |   5 |  752.8 |
               +--------+--------+--------+--------+--------+-----+--------+

Top non-repeatable levels by time:
     D:4: 1212 daAuts
     D:3: 1084 daAuts
     D:1: 801 daAuts
     D:2: 575 daAuts
     D:5: 90 daAuts
